 Dungeon Crawl Stone Soup version 0.31-a0-1172-g9944ec47dd (webtiles) character file.

Game seed: 13428932284860445796

153402 mandarbmax the Marksant (level 18, -12/139 HPs)
             Began as a Formicid Hunter on Dec 7, 2023.
             Was the Champion of Hepliaklqana.
             Killed from afar by a nagaraja (52 damage)
             ... with a poison arrow
             ... on level 4 of the Snake Pit on Dec 14, 2023.
             The game lasted 01:11:13 (25191 turns).

mandarbmax the Marksant (Formicid Hunter)          Turns: 25191, Time: 01:11:14

Health: -12/139    AC: 14    Str: 20    XL:     18   Next: 23%
Magic:  36/36      EV: 30    Int: 10    God:    Hepliaklqana [******]
Gold:   3084       SH: 14    Dex: 25    Spells: 16/17 levels left

rFire   + . .        L - +5 arbalest "Gymuotoin" {penet, rC- MP+9 Dex+2}
rCold   x . .        Q - +0 kite shield
rNeg    . . .        E - +4 leather armour of Prudence {Harm +Blink Will+}
rPois   .            (helmet unavailable)
rElec   .            e - +0 cloak
rCorr   .            V - +1 pair of gloves {Str+3}
SInv    +            q - +2 pair of boots
Will    ++...        h - amulet of the acrobat
Stlth   ++++         J - ring of protection from fire
HPRegen 0.43/turn    t - ring of the Hare {EV+10}
MPRegen 0.25/turn

%: harm (+30% outgoing, +20% incoming), acrobat
@: lethally poisoned (-12 -> -37), constricted
A: reduced essence, permanent stasis, dig shafts and tunnels, antennae 3, four
strong arms, hooves 2, high MP 1, noise suppression
a: Dig, Shaft Self, Renounce Religion, Recall Ancestor, Ancestor Identity,
Transference, Idealise


You were on level 4 of the Snake Pit.
You worshipped Hepliaklqana.
Hepliaklqana was exalted by your worship.
You visited 5 branches of the dungeon, and saw 27 of its levels.
You also visited: Ice Cave.

You collected 3723 gold pieces.
You spent 639 gold pieces at shops.

Inventory:

Hand Weapons
 L - the +5 arbalest "Gymuotoin" (weapon) {penet, rC- MP+9 Dex+2}
   (You found it on level 2 of the Lair of Beasts)

   Dex+2:     It affects your dexterity (+2).
   rC-:       It makes you vulnerable to cold.
   MP+9:      It affects your magic capacity (+9).
Missiles
 K - 2 throwing nets
Armour
 e - a +0 cloak (worn)
 q - a +2 pair of boots (worn)
 E - the +4 leather armour of Prudence (worn) {Harm +Blink Will+}
   (You found it on level 9 of the Dungeon)

   Will+:     It increases your willpower.
   +Blink:    It lets you blink.
   Harm:      It increases damage dealt and taken.
 Q - a +0 kite shield (worn)
 S - the +6 ice dragon scales of Nuir {+Inv rF- rC++ rN+++ Str-4 Dex-2}
   (You found it in an ice cave)

   Str-4:     It affects your strength (-4).
   Dex-2:     It affects your dexterity (-2).
   rF-:       It makes you vulnerable to fire.
   rC++:      It greatly protects you from cold.
   rN+++:     It renders you almost immune to negative energy.
   +Inv:      It lets you turn invisible.
 V - a +1 pair of gloves of strength (worn)
Jewellery
 h - an amulet of the acrobat (around neck)
 t - the ring of the Hare (right hand) {EV+10}
   (You found it on level 11 of the Dungeon)

   [ring of evasion]

   EV+10:     It affects your evasion (+10).
 D - a ring of protection from cold
 H - a ring of flight
 I - a ring of resist corrosion
 J - a ring of protection from fire (left hand)
 P - a +6 ring of dexterity
 W - a ring of protection from fire
Wands
 c - a wand of mindburst (7)
 l - a wand of polymorph (9)
 r - a wand of roots (39)
 v - a wand of flame (46)
 C - a wand of paralysis (29)
 O - a wand of acid (13)
 U - a wand of digging (15)
Scrolls
 a - 5 scrolls of fog
 b - a scroll of butterflies
 d - 5 scrolls of fear
 g - 5 scrolls of poison
 k - 7 scrolls of amnesia
 n - 3 scrolls of noise
 u - 2 scrolls of revelation
 F - a scroll of enchant weapon
 R - 4 scrolls of identify
Potions
 f - a potion of lignification
 i - 4 potions of heal wounds
 j - 5 potions of haste
 m - 4 potions of brilliance
 o - 7 potions of enlightenment
 p - 3 potions of berserk rage
 s - 3 potions of cancellation
 w - 4 potions of curing
 x - 5 potions of mutation
 z - 5 potions of ambrosia
 A - 5 potions of invisibility
 B - 2 potions of attraction
 G - 4 potions of might
Miscellaneous
 y - a lightning rod (4/4)
 M - a phantom mirror
 N - a sack of spiders


   Skills:
 + Level 17.3 Fighting
 - Level 18.0 Ranged Weapons
 + Level 6.7 Armour
 + Level 14.1 Dodging
 + Level 5.8 Stealth
 * Level 11.0 Shields
 + Level 8.9 Invocations
 + Level 6.4 Evocations


You had 16 spell levels left.
You knew the following spells:

 Your Spells              Type           Power      Damage    Failure   Level
a - Apportation           Tloc           0%         N/A       63%         1

Your spell library contained the following spells:

 Spells                   Type           Power      Damage    Failure   Level
 Freeze                   Ice            0%         1d3       63%         1
 Shock                    Conj/Air       0%         1d3       63%         1
 Jinxbite                 Hex            0%         N/A       77%         2
 Static Discharge         Conj/Air       0%         3-3/arc   77%         2
 Sublimation of Blood     Necr           0%         N/A       77%         2
 Dazzling Flash           Conj/Hex       0%         N/A       94%         3
 Frozen Ramparts          Ice            0%         1d1       94%         3
 Gell's Gravitas          Tloc           0%         N/A       94%         3
 Hailstorm                Conj/Ice       0%         3d5       94%         3
 Inner Flame              Hex/Fire       0%         N/A       94%         3
 Ozocubu's Armour         Ice            0%         N/A       94%         3
 Teleport Other           Tloc           0%         N/A       94%         3
 Volatile Blastmotes      Fire/Tloc      0%         2d10      94%         3
 Airstrike                Air            0%         2d(0-16)  100%        4
 Flame Wave               Conj/Fire      0%         2d4       100%        4
 Petrify                  Tmut/Erth      0%         N/A       100%        4
 Sticky Flame             Conj/Fire      0%         2d3       100%        4
 Summon Ice Beast         Ice/Summ       0%         N/A       100%        4
 Summon Lightning Spire   Summ/Air       0%         N/A       100%        4
 Alistair's Intoxication  Tmut/Pois      0%         N/A       100%        5
 Arcjolt                  Conj/Air       0%         1d10      100%        5
 Irradiate                Conj/Tmut      0%         3d11      100%        5
 Metabolic Englaciation   Hex/Ice        0%         N/A       100%        5
 Dispersal                Tloc           0%         N/A       100%        6
 Simulacrum               Ice/Necr       0%         N/A       100%        6
 Starburst                Conj/Fire      0%         6d3       100%        6
 Ozocubu's Refrigeration  Ice            0%         4d7       100%        7
 Maxwell's Capacitive Co  Air            0%         ∞         100%        8
 Chain Lightning          Conj/Air       0%         N/A       100%        9
 Fire Storm               Conj/Fire      0%         5d1       100%        9
 Polar Vortex             Ice            0%         N/A       100%        9
 Shatter                  Erth           0%         3d5*      100%        9
 Swiftness                Air            Unusable   N/A       N/A         3
 Vhi's Electric Charge    Tloc/Air       Unusable   N/A       N/A         4

Dungeon Overview and Level Annotations

Branches:
Dungeon (15/15)            Temple (1/1) D:5            Lair (5/5) D:10
  Swamp (0/4) Lair:3        Snake (4/4) Lair:3        Slime (0/5) Lair:4
    Orc (2/2) D:11            Elf (0/3) Orc:2        Vaults (0/5) D:13
 Depths (0/4) D:15          IceCv (visited)

Altars:
Ashenzari
Cheibriados
Dithmenos
Elyvilon
Fedhas
Gozag
Hepliaklqana
Kikubaaqudgha
Makhleb
Nemelex Xobeh
Okawaru
Qazlal
Ru
Sif Muna
Trog
Uskayaw
Vehumet
Wu Jian
Xom
Yredelemnul
Zin
The Shining One
Jiyva

Shops:
D:11 *   D:12 *   Orc:2 *?:[=   Snake:3 :

Portals:
Trove: D:11 (give 7 scrolls of fear)


Innate Abilities, Weirdness & Mutations

Your life essence is reduced to manifest your ancestor. (-10% HP)
You cannot be hasted, slowed, berserked, paralysed or teleported.
You can dig through walls and to a lower floor.
You have a pair of large antennae on your head. (SInv)
Your four strong arms can wield two-handed weapons with a shield.
You have hoof-like feet.
You have an increased reservoir of magic. (+10% MP)
You passively dampen the noise of your surroundings.


Message History

Unknown command.
Unknown command.
Unknown command.
As you read the scroll of fear, it crumbles to dust.
You assume a fearsome visage.
The shock serpent looks frightened!
The anaconda looks frightened!
The nagaraja resists with almost no effort.
The black mamba looks frightened!
The naga warrior looks frightened!
The naga looks frightened!
The naga mage looks frightened!
The naga looks frightened!
The mana viper looks frightened!
You feel very sick.
Agathocles gestures at the black mamba while chanting.
Agathocles's attack snaps the naga warrior out of its fear.
The naga warrior resists with almost no effort.
The nagaraja barely misses you. The nagaraja constricts you.
The anaconda barely misses Agathocles.
You're wearing all the rings you can.
Remove which one? (? for menu, Esc to cancel) < or
P - a +6 ring of dexterity; > or
t - the ring of the Hare {EV+10} You remove your +6 ring of dexterity.
You feel clumsy.
You feel sick.
The nagaraja points at you and mumbles some strange words.
The poison arrow misses you.
The poison arrow hits the shock serpent!!
The shock serpent looks as sick as possible!
Flame seeps out of the shock serpent.
The nagaraja's attack snaps the shock serpent out of its fear.
The nagaraja constricts you.
* * * LOW HITPOINT WARNING * * *
J - a ring of protection from fire (left hand)
You feel sick.
Flame seeps out of the shock serpent.
The shock serpent is engulfed in blazing flames.
Flame seeps out of the shock serpent.
The shock serpent's electric aura discharges, shocking you!
* * * LOW HITPOINT WARNING * * *
The nagaraja casts a spell at you. The poison arrow hits you!!!
You are more poisoned.
You die...

...#####..##......## {
..## #...##.......####
..# .....##..#.......# {
.†# ..... #..##......# {
..## ##S.######### {
#..## #####....########.
....##...........N......
##.#.####........N..###.
##....###.S....N@.S○....
###....##......N........
##.......#...##R..N.##..
.........#.#.###S''## .
#..)......#### ††...#
#..........# .~~≈...
...........# .~≈~..#
...........#{ ..~~~†.#
...........


You could see the friendly Agathocles the hexer (inner flame), a nagaraja (fast,
inner flame), a naga warrior (inner flame), an anaconda (inner flame, fleeing),
a shock serpent (inner flame, extremely poisoned), a mana viper (inner flame,
fleeing), a black mamba (inner flame, fleeing, ally target), a naga mage (inner
flame, fleeing) and 2 nagas.

Vanquished Creatures
  Frances (D:11)
  2 thorn hunters (Snake:1)
  A rockslime (IceCv)
  3 azure jellies (IceCv)
  3 quicksilver oozes (IceCv)
  2 alligators (Snake:1)
  7 hydras
  An ogre mage (D:15)
  A salamander tyrant (Snake:2)
  An ice dragon (Lair:5)
  A catoblepas (Lair:5)
  5 two-headed ogres
  A centaur warrior (D:14)
  An anaconda (Snake:4)
  An ironbound frostheart (D:13)
  2 boulder beetles
  3 tengu warriors
  11 death yaks
  3 naga warriors
  A vampire mage (D:15)
  3 orc high priests (Orc:2)
  9 naga sharpshooters
  4 shock serpents
  A skyshark (Lair:5)
  2 salamander mystics
  3 skeletal warriors (D:15)
  A goliath frog (Snake:1)
  A spark wasp zombie (D:15)
  3 naga ritualists
  A sea snake (Snake:4)
  2 bog bodies (Lair:3)
  4 swamp dragons (Snake:1)
  Pikel (D:6)
  An orange crystal statue (IceCv)
  3 lindwurms (Lair:5)
  A necromancer (D:15)
  2 deep elf pyromancers (D:13)
  7 manticores
  An orc knight (D:15)
  2 orc sorcerers (Orc:2)
  8 ugly things
  9 mana vipers
  Maurice (D:12)
  2 cyclopes
  10 salamanders
  26 black mambas
  13 elephants
  6 torpor snails (Lair:5)
  A gargoyle (D:10)
  2 guardian serpents
  8 naga magi
  An unseen horror (D:11)
  11 cane toads
  6 komodo dragons
  2 rime drakes
  An efreet (D:13)
  An anaconda simulacrum (Lair:3)
  A tengu conjurer (D:15)
  An ice devil (Lair:3)
  3 polar bears
  2 meliai (D:14)
  3 trolls
  6 hornets (Lair:5)
  5 tyrant leeches
  2 wolf spider simulacra (D:15)
  2 raiju (D:7)
  41 blink frogs
  19 slime creatures
  2 dream sheep (Lair:5)
  2 centaur simulacra (D:14)
  3 wyverns
  A shadow (D:12)
  3 wraiths
  2 humans (D:13)
  A steam dragon (D:6)
  29 yaks
  A vampire (D:10)
  Eustachio (D:5)
  4 basilisks
  Grum (D:11)
  4 vampire mosquitoes
  25 nagas
  Menkaure (D:6)
  2 swamp worms (Snake:1)
  7 wargs
  Edmund (D:4)
  12 water moccasins
  A swamp drake (Snake:1)
  A hexer (Snake:1)
  4 great orb of eyes simulacra (IceCv)
  28 orc warriors
  An ice beast (D:6)
  A black bear (Lair:2)
  8 ogres
  A tengu (shapeshifter) (D:13)
  12 wolves
  5 centaurs
  2 lemures (D:6)
  2 phantoms
  4 slime creature simulacra (IceCv)
  2 kobold brigands (D:9)
  3 gnoll sergeants
  8 bullfrogs
  3 scorpions
  7 glowing shapeshifter simulacra (IceCv)
  14 wights
  10 killer bees
  2 howler monkeys (D:10)
  4 electric eels (D:7)
  3 hounds
  3 jellies
  36 orc priests
  2 sleepcaps
  4 iguanas
  21 orc wizards
  2 spriggan simulacra (Lair:3)
  2 troll simulacra (Lair:3)
  A polar bear simulacrum (Lair:3)
  A wolf simulacrum (Lair:3)
  Robin (D:2)
  9 adders
  12 gnolls
  A naga simulacrum (Lair:3)
  3 shadow imps
  A white imp (Lair:3)
  3 worms
  4 dart slugs
  78 orcs
  5 endoplasms
  A giant cockroach (D:2)
  9 goblins
  8 hobgoblins
  3 jackals (D:2)
  9 kobolds
  2 quokkas
  7 bats
  A frilled lizard (D:3)
  3 rats
756 creatures vanquished.

Vanquished Creatures (collateral kills)
  A nagaraja (Snake:4)
  A hydra (Snake:1)
  An anaconda (Snake:1)
  3 two-headed ogres
  A boulder beetle (D:13)
  An orc high priest (Orc:2)
  2 death yaks (Lair:5)
  A storm dragon zombie (D:15)
  Sonja (D:11)
  A skyshark (Lair:5)
  2 skeletal warriors (D:15)
  A spark wasp zombie (D:15)
  A bog body (Lair:3)
  A cyclops (D:11)
  An elephant (Lair:5)
  3 black mambas (Snake:3)
  A guardian serpent (Snake:4)
  A cane toad (Lair:5)
  2 rime drakes
  Jeremiah (D:9)
  4 komodo dragons
  A polar bear (Lair:3)
  A meliai (D:14)
  3 hornets
  A tyrant leech (Lair:5)
  3 blink frogs
  2 slime creatures
  A spriggan (shapeshifter) (D:15)
  A wyvern (D:8)
  A shadow (D:11)
  8 yaks
  3 nagas
  2 water moccasins (Lair:1)
  An acid dragon (D:9)
  A black bear (Lair:2)
  4 orc warriors
  An ogre (D:7)
  A wolf (D:11)
  3 wights
  A howler monkey (D:10)
  3 orc priests
  An iguana (D:6)
  2 orc wizards (Orc:2)
  A gnoll (D:12)
  A worm (D:5)
  7 orcs
  An endoplasm (D:4)
86 creatures vanquished.

Vanquished Creatures (others)
  A black mamba (Snake:3)
  An ancestor (D:7)
  22 hexers
  An orc wizard (Orc:2)
  A butterfly (D:9)
26 creatures vanquished.

Grand Total: 868 creatures vanquished

Notes
Turn   | Place    | Note
-------+----------+-------------------------------------------
     0 | D:1      | mandarbmax the Formicid Hunter began the quest for the Orb.
     0 | D:1      | Reached XP level 1. HP: 16/16 MP: 1/1
   307 | D:1      | Reached XP level 2. HP: 22/22 MP: 2/2
  1141 | D:2      | Reached XP level 3. HP: 27/27 MP: 3/3
  1151 | D:2      | Found a faded altar of an unknown god.
  1156 | D:2      | Reached skill level 5 in Ranged Weapons
  1308 | D:2      | Noticed Robin
  1310 | D:2      | Reached XP level 4. HP: 33/33 MP: 4/4
  1364 | D:2      | Killed Robin
  1720 | D:3      | Reached XP level 5. HP: 31/38 MP: 5/5
  1761 | D:3      | Found a radiant altar of Vehumet.
  1821 | D:3      | Found a sacrificial altar of Ru.
  1840 | D:3      | Reached skill level 6 in Ranged Weapons
  2131 | D:3      | Found a burning altar of Makhleb.
  2132 | D:3      | Upgraded the game from 0.31-a0-1074-g0b22e4e0f1 to
                  | 0.31-a0-1172-g9944ec47dd
  2381 | D:4      | Noticed Edmund
  2395 | D:4      | You are sucked into a shaft and drop 3 floors!
  2636 | D:7      | Noticed a centaur
  2660 | D:7      | Killed a centaur
  2661 | D:7      | Reached skill level 7 in Ranged Weapons
  2661 | D:7      | Reached XP level 6. HP: 7/44 MP: 6/6
  2854 | D:7      | HP: 2/44 [electric eel/bolt of electricity (7)]
  3169 | D:7      | Noticed a raiju
  3179 | D:7      | You fall into a shaft and drop 1 floor!
  3330 | D:8      | Found an ancient bone altar of Kikubaaqudgha.
  3399 | D:8      | Reached XP level 7. HP: 24/50 MP: 7/7
  3768 | D:8      | Reached skill level 8 in Ranged Weapons
  3973 | D:7      | Found a snail-covered altar of Cheibriados.
  3988 | D:6      | Reached XP level 8. HP: 60/60 MP: 8/8
  4132 | D:6      | Noticed Menkaure
  4145 | D:6      | Killed Menkaure
  4146 | D:6      | Reached skill level 9 in Ranged Weapons
  4207 | D:6      | Reached skill level 5 in Fighting
  4701 | D:5      | Entered Level 5 of the Dungeon
  4739 | D:5      | Noticed Eustachio
  4762 | D:5      | Killed Eustachio
  4763 | D:5      | Reached skill level 10 in Ranged Weapons
  4763 | D:5      | Reached XP level 9. HP: 55/69 MP: 9/9
  4827 | D:5      | Found a staircase to the Ecumenical Temple.
  4851 | Temple   | Entered the Ecumenical Temple
  4857 | Temple   | Became a worshipper of Hepliaklqana the Forgotten
  5042 | D:4      | Killed Edmund
  5292 | D:4      | Reached * piety under Hepliaklqana
  5432 | D:4      | Found a shimmering altar of Xom.
  6542 | D:6      | Found a bloodstained altar of Trog.
  6567 | D:6      | Noticed Pikel
  6574 | D:6      | Reached skill level 11 in Ranged Weapons
  6583 | D:6      | Killed Pikel
  6584 | D:6      | Reached XP level 10. HP: 71/71 MP: 10/10
  6890 | D:7      | Noticed a +0 hand axe
  6890 | D:7      | Noticed a +0 dagger
  6890 | D:7      | Found a hide-covered altar of Uskayaw.
  6998 | D:7      | Reached ** piety under Hepliaklqana
  6999 | D:7      | Remembered your ancestor Agathocles as a hexer
  7054 | D:7      | Reached skill level 1 in Invocations
  7273 | D:7      | Reached skill level 12 in Ranged Weapons
  7779 | D:8      | Found a shadowy altar of Dithmenos.
  7899 | D:8      | Reached skill level 5 in Dodging
  7902 | D:8      | Found an ornate altar of the Wu Jian Council.
  8255 | D:9      | Found a blossoming altar of Fedhas.
  8386 | D:9      | Found a white marble altar of Elyvilon.
  8541 | D:9      | Identified the +4 leather armour of Prudence {Harm +Blink
                  | Will+}
  8567 | D:9      | Noticed a two-headed ogre
  8576 | D:9      | Killed a two-headed ogre
  8591 | D:9      | Reached XP level 11. HP: 78/78 MP: 12/14
  8708 | D:9      | Noticed Jeremiah
  8718 | D:9      | Killed Jeremiah
  8783 | D:9      | Noticed a two-headed ogre
  8789 | D:9      | Killed a two-headed ogre
  8790 | D:9      | Reached skill level 13 in Ranged Weapons
  8808 | D:9      | Noticed a two-headed ogre
  8814 | D:9      | Killed a two-headed ogre
  8815 | D:9      | Reached skill level 5 in Invocations
  8946 | D:9      | Reached *** piety under Hepliaklqana
  9075 | D:10     | Entered Level 10 of the Dungeon
  9083 | D:10     | Found an opulent altar of Gozag.
  9147 | D:10     | Gained mutation: You have hidden genetic potential. [potion
                  | of mutation]
  9147 | D:10     | Gained mutation: You have large cloven feet. [potion of
                  | mutation]
  9283 | D:10     | Noticed a two-headed ogre
  9286 | D:10     | Killed a two-headed ogre
  9342 | D:10     | Found a staircase to the Lair.
  9483 | D:10     | Reached skill level 14 in Ranged Weapons
  9514 | D:10     | Reached XP level 12. HP: 75/87 MP: 15/15
  9624 | D:10     | Reached skill level 10 in Fighting
  9945 | D:11     | Found the ring of the Hare {EV+10}
  9992 | D:11     | Found a staircase to the Orcish Mines.
 10201 | D:11     | Reached **** piety under Hepliaklqana
 10210 | D:11     | Noticed a boulder beetle
 10223 | D:11     | Killed a boulder beetle
 10262 | D:11     | Found a portal to a secret trove of treasure.
 10269 | D:11     | Noticed Grum
 10276 | D:11     | Killed Grum
 10698 | D:11     | Noticed Sonja
 10704 | D:11     | Killed Sonja
 10711 | D:11     | Noticed a two-headed ogre
 10718 | D:11     | Killed a two-headed ogre
 10888 | D:12     | Reached skill level 15 in Ranged Weapons
 10897 | D:12     | Found Aannofral's Alliterative Armaments.
 10903 | D:12     | Noticed Frances
 10921 | D:11     | Killed Frances
 11219 | D:12     | Noticed Maurice
 11229 | D:12     | Killed Maurice
 11264 | D:12     | Reached XP level 13. HP: 95/95 MP: 16/16
 11674 | Lair:1   | Entered Level 1 of the Lair of Beasts
 11908 | Lair:1   | Reached skill level 16 in Ranged Weapons
 11941 | Lair:1   | Reached ***** piety under Hepliaklqana
 12542 | Lair:2   | Noticed a seven-headed hydra
 12553 | Lair:2   | Killed a seven-headed hydra
 12616 | Lair:2   | Reached skill level 10 in Dodging
 12625 | Lair:2   | Identified the +5 arbalest "Gymuotoin" {penet, rC- MP+9
                  | Dex+2}
 13194 | Lair:3   | Found a staircase to the Snake Pit.
 13285 | Lair:3   | Reached XP level 14. HP: 106/106 MP: 17/17
 13474 | Lair:3   | Gained mutation: You have great hidden genetic potential.
                  | [hidden potential]
 13804 | Lair:3   | Found a shimmering altar of Xom.
 13911 | Lair:3   | Found a staircase to the Swamp.
 14294 | Lair:4   | Found a staircase to the Slime Pits.
 14294 | Lair:4   | Found a viscous altar of Jiyva.
 14600 | Lair:5   | Entered Level 5 of the Lair of Beasts
 14670 | Lair:5   | Reached skill level 17 in Ranged Weapons
 14864 | Lair:5   | Reached XP level 15. HP: 114/114 MP: 18/18
 15148 | Lair:5   | Reached skill level 15 in Fighting
 15159 | Lair:5   | Gained mutation: You passively dampen the noise of your
                  | surroundings. [hidden potential]
 15159 | Lair:5   | Lost mutation: You have great hidden genetic potential.
                  | [hidden potential expressed]
 16016 | Orc:1    | Entered Level 1 of the Orcish Mines
 16324 | Orc:2    | Entered Level 2 of the Orcish Mines
 16367 | Orc:2    | Reached ****** piety under Hepliaklqana
 16386 | Orc:2    | Found Sonuok's CLEARANCE SALE!.
 16395 | Orc:2    | Bought a scroll of enchant armour for 30 gold pieces
 16524 | Orc:2    | Reached skill level 18 in Ranged Weapons
 16753 | Orc:2    | Found a staircase to the Elven Halls.
 16871 | Orc:2    | Found Ryiluph's Magic Scroll Emporium.
 16871 | Orc:2    | Found Kerr's Book Emporium.
 16872 | Orc:2    | Found Ynwuriat's Jewellery Shoppe.
 16876 | Orc:2    | Found Rani's Armour Shoppe.
 16879 | Orc:2    | Bought a scroll of enchant armour for 105 gold pieces
 16882 | Orc:2    | Bought a +6 ring of dexterity for 504 gold pieces
 17517 | D:13     | Reached XP level 16. HP: 119/120 MP: 19/19
 17606 | D:13     | Reached skill level 1 in Armour
 17606 | D:13     | Reached skill level 1 in Shields
 17615 | D:13     | Reached skill level 1 in Evocations
 18241 | D:13     | Found a gate to the Vaults.
 18376 | D:13     | Gained mutation: You have an increased reservoir of magic.
                  | (+10% MP) [hidden potential]
 19272 | D:15     | Entered Level 15 of the Dungeon
 19328 | D:15     | Found a frozen archway.
 19329 | D:15     | Found a staircase to the Depths.
 19342 | IceCv    | Entered an ice cave
 19345 | IceCv    | Reached skill level 5 in Shields
 19475 | IceCv    | Identified the +6 ice dragon scales of Nuir {+Inv rF- rC++
                  | rN+++ Str-4 Dex-2}
 19652 | IceCv    | Noticed a rockslime
 19660 | IceCv    | Killed a rockslime
 19694 | IceCv    | Found a viscous altar of Jiyva.
 19694 | IceCv    | Noticed an azure jelly
 19699 | IceCv    | Killed an azure jelly
 19706 | IceCv    | Noticed an azure jelly
 19706 | IceCv    | Noticed an azure jelly
 19709 | IceCv    | Killed an azure jelly
 19715 | IceCv    | Killed an azure jelly
 20375 | D:15     | Reached XP level 17. HP: 131/131 MP: 24/24
 20766 | Snake:1  | Entered Level 1 of the Snake Pit
 21246 | Snake:1  | Gained mutation: You have hoof-like feet. [hidden
                  | potential]
 21246 | Snake:1  | Lost mutation: You have hidden genetic potential. [hidden
                  | potential expressed]
 21364 | Snake:1  | Reached skill level 5 in Armour
 21584 | Snake:1  | Reached skill level 5 in Evocations
 21589 | Snake:1  | Noticed a thorn hunter
 21609 | Snake:1  | Killed a thorn hunter
 21674 | Snake:1  | Noticed a thorn hunter
 21684 | Snake:1  | Killed a thorn hunter
 23027 | Snake:3  | Found a huge runed translucent gate.
 23027 | Snake:3  | Found a huge runed translucent gate.
 23028 | Snake:3  | Found a huge runed translucent gate.
 23029 | Snake:3  | Found a huge runed translucent gate.
 23029 | Snake:3  | Found a huge runed translucent gate.
 23097 | Snake:3  | Reached skill level 10 in Shields
 23336 | Snake:3  | Learned a level 1 spell: Apportation
 24026 | Snake:3  | Reached skill level 5 in Stealth
 24083 | Snake:3  | Found Esmiucy's Book Shoppe.
 24443 | Snake:4  | Entered Level 4 of the Snake Pit
 24493 | Snake:4  | Reached XP level 18. HP: 85/139 MP: 26/26
 25191 | Snake:4  | Killed from afar by a nagaraja

Illustrated notes

Levels and vault maps discovered:
D:1:      eino_arrival_cavern_b, layout_basic, serial_forest,
          infiniplex_forest_end_2, infiniplex_forest_end_3,
          infiniplex_forest_end_2, infiniplex_forest_clump_tiny,
          infiniplex_forest_lined_room_2, infiniplex_forest_diagonal,
          infiniplex_forest_clump_tiny
D:2:      layout_rooms, hellmonk_ecumenical_altar_pennies_from_heaven,
          uniq_robin
D:3:      layout_basic, lightli_temple_of_fire,
          mainiacjoe_overflow_tiny_flanked,
          mainiacjoe_overflow_concentric_impassable
D:4:      layout_basic, lemuel_crystal_altar, uniq_edmund
D:5:      layout_cave_pods, minmay_temple_entry_slanted,
          dreamdust_princess_corridor, uniq_eustachio
D:6:      layout_loops_ring, mainiacjoe_overflow_cross_hatched,
          kennysheep_generic_room_13, uniq_pikel, uniq_menkaure
D:7:      layout_rooms, dancing_weapons_uskayaw, slow_altar_1,
          nicolae_have_a_lightning_rod
D:8:      layout_loops_cross, kiku_gazebo_pond_becter,
          mainiacjoe_overflow_surrounded_room,
          nicolae_dithmenos_through_a_glass_darkly
D:9:      layout_basic, nicolae_elyvilon_peaceful_grove,
          fedhas_bush_and_centaur_altar, st_stairs_12, minmay_quadrilaterals,
          uniq_jeremiah
D:10:     layout_cave_pools, nicolae_gozag_seed_capital,
          erik_lair_orcish_takeover
D:11:     layout_stronghold, david_orc_1_choice, nicolae_trove_entry_isolated,
          uniq_grum, uniq_sonja
D:12:     layout_cave_pools, grunt_decor_one_mirror, monkooky_shop_alliterative,
          uniq_frances, uniq_maurice
D:13:     layout_basic, hellmonk_vaults_keyhole
D:14:     layout_roguey [special_room_orc], kennysheep_boxes
D:15:     gammafunk_depths_entry_grave, layout_irregular_city,
          portal_ice_cave_entry_pillars_three
Temple:   nicolae_temple_cloud_nine
Lair:1:   layout_regular_city, chequers_serial_rivers_marsh, grunt_megastairs_2
Lair:2:   layout_misc_corridors
Lair:3:   dreamdust_isle_of_ice, layout_concentric_octagons,
          skrybe_swamp_entry_bodies, minmay_snake_entry_guardpost_small,
          basic_altar
Lair:4:   layout_long_grid, slime_entry_1
Lair:5:   hangedman_lair_in_review, layout_hall_layers, wormcave
Snake:1:  onia_ninara_swampy_vault, layout_chambers, drop_trap
Snake:2:  layout_grid_maze
Snake:3:  layout_honeycomb, hangedman_venom_bottle, minmay_shop_star,
          serial_bayou_shore_b
Snake:4:  grunt_snake_rune_pools, layout_chambers, serial_shops, shop,
          nicolae_snake_gridmaze_squiggle, nrook_guardian_serpent_double,
          serial_bayou_shore_b, uniq_agnes
Orc:1:    layout_diamond_mine, abandoned_shop
Orc:2:    st_orc_mages, layout_caves, basic_altar, nicolae_shop_clearance

Skill      XL: |  1  2  3  4  5  6  7  8  9 10 11 12 13 14 15 16 17 18 |
---------------+-------------------------------------------------------+-----
Dodging        | 2 4 5 6 8 10 11 13 14 | 14.1
Ranged Weapons | 5 7 8 10 11 12 14 15 16 17 18 | 18.0
Fighting       | 4 5 7 8 9 11 13 14 16 17 | 17.3
Invocations    | 4 5 7 8 |  8.9
Armour         | 4 6 |  6.7
Shields        | 7 10 11 | 11.0
Evocations     | 4 6 |  6.4
Stealth        | 5 |  5.8

Action                     |  1- 3 |  4- 6 |  7- 9 | 10-12 | 13-15 | 16-18 || total
---------------------------+-------+-------+-------+-------+-------+-------++-------
  Melee: Shortbow          |       |     1 |       |       |       |       ||     1
         Arbalest          |       |       |       |       |     1 |       ||     1
   Fire: Shortbow          |    88 |   163 |       |       |       |       ||   251
         Orcbow            |       |    57 |   291 |   505 |   213 |       ||  1066
         Arbalest          |       |       |       |       |   535 |   607 ||  1142
   Cast: Apportation       |       |       |       |       |       |    13 ||    13
 Invoke: Ancestor Life: He |       |       |       |     1 |       |       ||     1
         Idealise          |       |       |       |       |       |     2 ||     2
         Recall Ancestor   |       |       |       |       |       |     1 ||     1
Ability: Dig               |     1 |     2 |       |     1 |     5 |     1 ||    10
         Shaft Self        |       |     2 |       |       |       |       ||     2
    Use: Potion            |       |     2 |       |     3 |     3 |     2 ||    10
         Scroll            |       |     1 |     6 |     9 |     7 |     6 ||    29
 Armour: Leather armour    |    18 |   105 |    28 |    31 |    40 |    65 ||   287
         Steam dragon scal |       |       |    30 |    19 |       |       ||    49
  Dodge: Dodged            |    16 |    81 |    65 |   101 |   136 |   206 ||   605
  Block: Kite shield       |       |       |       |       |       |   141 ||   141

Table legend: (Time is in decaauts)
 A = Elapsed time spent in this place.
 B = Non-inter-level travel time spent in this place.
 C = Inter-level travel time spent in this place.
 D = Time resting spent in this place.
 E = Time spent auto-exploring this place.
 F = Levels seen in this place.
 G = Mean time per level.
                   A        B        C        D        E       F      G
               +--------+--------+--------+--------+--------+-----+--------+
         Total |  25281 |  23601 |   1680 |   3063 |  15860 |  28 |  902.9 |
       Dungeon |  14544 |  13570 |    974 |   1976 |   8992 |  15 |  969.6 |
        Temple |     12 |      6 |      6 |      0 |      0 |   1 |   12.0 |
          Lair |   4340 |   3927 |    413 |      8 |   3101 |   5 |  868.0 |
     Snake Pit |   4481 |   4415 |     66 |    884 |   2885 |   4 | 1120.2 |
  Orcish Mines |   1359 |   1139 |    220 |     96 |    739 |   2 |  679.5 |
      Ice Cave |    542 |    542 |      0 |     98 |    143 |   1 |  542.0 |
               +--------+--------+--------+--------+--------+-----+--------+

Top non-repeatable levels by time:
     D:7: 1695 daAuts
 Snake:1: 1571 daAuts
    D:13: 1483 daAuts
 Snake:3: 1454 daAuts
  Lair:5: 1285 daAuts
    D:11: 1257 daAuts
     D:6: 1240 daAuts
     D:8: 1233 daAuts
     D:1: 1079 daAuts
  Lair:3: 939 daAuts
    D:10: 932 daAuts
   Orc:2: 905 daAuts
     D:5: 871 daAuts
     D:9: 844 daAuts
  Lair:1: 802 daAuts
